 Dungeon Crawl Stone Soup version 0.18-a0-1418-ga86aa8f (webtiles) character file.

308646 namelastname112 the Devastator (level 20, -16/171 HPs)
             Began as a White Draconian Conjurer on Feb 26, 2016.
             Was the Champion of Dithmenos.
             Killed from afar by a lich (39 damage)
             ... with a bolt of fire
             ... on level 5 of the Abyss.
             The game lasted 02:36:52 (59417 turns).

namelastname112 the Devastator (DrCj)              Turns: 59417, Time: 02:36:53

Health: -16/171    AC: 19    Str: 10    XL:     20   Next: 69%
Magic:  16/40      EV: 22    Int: 26    God:    Dithmenos [******]
Gold:   2669       SH:  6    Dex: 19    Spells: 7 memorised, 21 levels left

rFire  . . .     SeeInvis .     w - staff of conjuration
rCold  + + .     Gourm    .     (armour unavailable)
rNeg   . . .     Faith    .     Z - +0 buckler
rPois  .         Spirit   .     G - +1 hat {Int+3}
rElec  .         Dismiss  .     N - +2 cloak
rCorr  .         Reflect  .     B - +1 pair of gloves {archery}
SustAt .         Harm     .     a - +2 pair of boots of Salvation {Dex+5}
MR     +....                    c - amulet of regeneration
Stlth  ++++......               i - ring of wizardry
                                Q - ring of protection from cold

@: very slightly contaminated, non-regenerating, diseased, wreathed by umbra,
somewhat resistant to hostile enchantments, stealthy
A: breathe frost, unfitting armour, cold resistance 1, cold-blooded, AC +10
a: Breathe Frost, Shadow Step, Shadow Form, Renounce Religion
}: 1/15 runes: barnacled


You were on level 5 of the Abyss.
You worshipped Dithmenos.
Dithmenos was exalted by your worship.
You were very hungry.

You visited 7 branches of the dungeon, and saw 34 of its levels.
You visited the Abyss 1 time.
You also visited: Ossuary, Ice Cave and Volcano.

You collected 4143 gold pieces.
You spent 1474 gold pieces at shops.

Inventory:

Hand Weapons
 r - the +8 mithril axe "Arga" {speed, MR+ Str+2}
   (You found it in an ice cave)

   Attacks with this weapon are significantly faster.
   It affects your strength (+2).
   It affects your resistance to hostile enchantments.
 L - a +0 blowgun
 V - the +9 trident of the Known World {pierce, rF+ rN+}
   (You found it on level 4 of the Shoals)

   It inflicts extra damage upon your enemies.
   It protects you from fire.
   It protects you from negative energy.
Missiles
 M - 6 curare-tipped needles
Armour
 a - the +2 pair of boots of Salvation (worn) {Dex+5}
   (You found it on level 3 of the Shoals)

   It affects your dexterity (+5).
 B - a +1 pair of gloves of archery (worn)
 G - a +1 hat of intelligence (worn)
 N - a +2 cloak (worn)
 Z - a +0 buckler (worn)
Magical Staves
 w - an uncursed staff of conjuration (weapon)
Jewellery
 c - an amulet of regeneration (around neck)
 i - a ring of wizardry (right hand)
 x - an uncursed ring of protection from magic
 Q - a ring of protection from cold (left hand)
 U - an uncursed ring of ice
Wands
 d - a wand of iceblast (7/15)
 f - a wand of hasting (3/9)
 z - a wand of iceblast (4/15)
 D - a wand of digging (2/24)
 H - a wand of digging (8/24)
 O - a wand of iceblast (13/15)
 S - a wand of iceblast (6/15)
 X - a wand of acid (8/15)
 Y - a wand of paralysis (15/24)
Scrolls
 e - 3 scrolls of holy word
 l - 14 scrolls of remove curse
 n - 19 scrolls of identify
 t - a scroll of amnesia
 C - 4 scrolls of fog
 E - 5 scrolls of recharging
 K - 2 scrolls of enchant weapon
 W - 2 scrolls of enchant armour
Potions
 g - 3 potions of brilliance
 h - 5 potions of flight
 k - a potion of cure mutation
 o - 12 potions of curing
 p - 4 potions of agility
 q - 3 potions of heal wounds
 u - 4 potions of resistance
 v - 3 potions of haste
 y - 4 potions of magic
 A - a potion of cancellation
Books
 F - a book of Enchantments

   Spells                             Type                      Level
   a - Cause Fear                     Hexes                        4
   b - Yara's Violent Unravelling     Hexes/Transmutation          5
   c - Silence                        Hexes/Air                    5
   d - Deflect Missiles               Charms/Air                   6
   e - Haste                          Charms                       6
   f - Discord                        Hexes                        8
 I - a book of Envenomations

   Spells                             Type                      Level
   a - Spider Form                    Transmutation/Poison         3
   b - Olgreb's Toxic Radiance        Poison                       4
   c - Alistair's Intoxication        Transmutation/Poison         5
   d - Poisonous Cloud                Conjuration/Poison/Air       6
 J - a book of the Earth

   Spells                             Type                      Level
   a - Leda's Liquefaction            Hexes/Earth                  4
   b - Bolt of Magma                  Conjuration/Fire/Earth       5
   c - Statue Form                    Transmutation/Earth          6
   d - Iron Shot                      Conjuration/Earth            6
   e - Shatter                        Earth                        9
 R - a book of the Tempests

   Spells                             Type                      Level
   a - Static Discharge               Conjuration/Air              3
   b - Lightning Bolt                 Conjuration/Air              5
   c - Fireball                       Conjuration/Fire             5
   d - Tornado                        Air                          9
   e - Shatter                        Earth                        9
Miscellaneous
 s - a phial of floods (inert)
 T - a crystal ball of energy
Comestibles
 b - 16 bread rations
 j - 4 meat rations
 P - 28 fruits


   Skills:
 - Level 13.3 Fighting
 - Level 0.8 Axes
 - Level 11.6 Dodging
 - Level 1.7 Stealth
 - Level 4.4 Shields
 + Level 16.6 Spellcasting
 + Level 18.3 Conjurations
 + Level 8.5 Charms
 * Level 16.9 Ice Magic
 + Level 8.8 Evocations


You had 21 spell levels left.
You knew the following spells:

 Your Spells              Type           Power        Failure   Level  Hunger
a - Iskenderun's Battles  Conj/Chrm      #######.     1%          5    None
b - Ozocubu's Armour      Chrm/Ice       ######..     1%          3    None
c - Throw Icicle          Conj/Ice       ########     1%          4    None
f - Freezing Cloud        Conj/Ice/Air   #######...   1%          6    ###....
s - Bolt of Cold          Conj/Ice       ########..   1%          6    ###....
x - Ozocubu's Refrigerat  Ice            #######...   1%          6    ###....
z - Magic Dart            Conj           ####         0%          1    None


Dungeon Overview and Level Annotations

Branches:
Dungeon (15/15)            Temple (1/1) D:7            Lair (8/8) D:10
 Shoals (4/4) Lair:3        Snake (0/4) Lair:5        Slime (0/6) Lair:6
    Orc (2/2) D:9             Elf (3/3) Orc:2        Vaults (1/5) D:14
 Depths (0/5) D:15

Altars:
Cheibriados
Dithmenos
Elyvilon
Fedhas
Gozag
Kikubaaqudgha
Makhleb
Nemelex Xobeh
Pakellas
Qazlal
Ru
Trog
Vehumet
Xom
Yredelemnul
Zin
Beogh

Shops:
D:6 [=(   D:9 [   D:13 [   Orc:2 :*%%   Elf:1 }

Annotations:
Lair:6 exclusion: oklob plant
Elf:2 3 runed doors


Innate Abilities, Weirdness & Mutations

You can breathe waves of freezing cold.
You can buffet flying creatures when you breathe cold.
Your icy white scales are hard (AC +10).
Your body does not fit into most forms of armour.
Your flesh is cold resistant.
You are cold-blooded and may be slowed by cold attacks.


Message History

You see here 11 bolts of penetration.
Something hits you.
* * * LOW HITPOINT WARNING * * *
You hear a grinding noise.
The smoke demon gestures at you. Something smites you!
* * * LOW HITPOINT WARNING * * *
An apocalypse crab comes into view.
Unknown command.
Unknown command.
The sixfirhy hits you.
* * * LOW HITPOINT WARNING * * *
The sixfirhy shocks you!
* * * LOW HITPOINT WARNING * * *
The sixfirhy closely misses you.
You hear a grinding noise.
You feel ill.
The lich points at you and mumbles some strange words.
The bolt of fire hits you!
You die...

...###...3..v.........
§§## #..#..........# .
§ #...v.........#. #
§§# #...x.............
§# #....#.......# ...
## #..#...(vx...#....
#.......*........# #.
..####.4L.4...#. #
#.3...@..#... #.
##....#### #x....#
..##...≈ .## #...#.
##t## .. ..


You could see a lich, a spatial maelstrom, a spatial vortex (wandering), 2
ancient zymes, an apocalypse crab (wandering), 2 sixfirhies, a smoke demon
(wandering), a small abomination (wandering) and a battlesphere.

Vanquished Creatures
  Frances (D:14)
  An Executioner (Abyss:4)
  2 sphinxes (Elf:1)
  4 tentacled starspawn
  Gastronok (D:11)
  A kraken (Shoals:4)
  Roxanne (Shoals:4)
  Ilsuiw (Shoals:4)
  A tengu reaver (D:12)
  2 frost giants
  Donald (Orc:2)
  Maud (D:11)
  The ghost of namelastname112 the Covert, a journeyman DrAs of Gozag (Lair:6)
  2 deep elf elementalists (Abyss:5)
  The ghost of confidenceinterval the Impaler, a journeyman DsGl of Pakellas (Lair:8)
  An ophan (Abyss:3)
  The ghost of Tomstefer the Fencer, a journeyman MiBe of Trog (Lair:8)
  An ironheart preserver (Vaults:1)
  A deep elf demonologist (Abyss:4)
  A deep elf annihilator (Elf:1)
  6 merfolk javelineers (Shoals:4)
  A deep elf death mage (Elf:1)
  16 merfolk impalers
  4 fire dragons
  A yaktaur captain (D:14)
  2 great orbs of eyes
  A rakshasa (Abyss:4)
  13 hydras
  Fannar (D:12)
  A catoblepas (Lair:8)
  4 merfolk avatars
  8 centaur warriors
  Erolcha (D:10)
  The ghost of Kidiri the Thaumaturge, a journeyman DEFE of Vehumet (Lair:3)
  13 death yaks
  3 alligator snapping turtles
  10 dancing weapons
  A death knight (D:14)
  3 satyrs
  An anaconda (shapeshifter) (D:15)
  An ogre mage (D:15)
  4 merfolk aquamancers
  4 thrashing horrors
  2 tengu warriors
  2 orc high priests
  Nergalle (D:11)
  7 deep elf knights
  3 wretched stars
  Sonja (D:10)
  A shadow wraith (Vaults:1)
  15 sea snakes
  7 hell knights (D:13)
  A storm dragon skeleton (Abyss:3)
  5 unseen horrors
  A giant orange brain (Abyss:3)
  4 deep trolls (Vaults:1)
  A wizard (D:14)
  A flayed ghost (D:12)
  6 deep elf archers
  A harpy (shapeshifter) (D:13)
  9 hill giants
  4 necromancers
  30 deep elf magi
  37 harpies
  7 orc knights
  An ironbrand convoker (Vaults:1)
  3 orc sorcerers
  11 griffons
  2 wolf spiders
  14 manticores
  3 ugly things
  6 oklob plants
  10 water nymphs
  A salamander (D:15)
  7 cyclopes
  4 fauns
  A sixfirhy (Abyss:4)
  A guardian serpent (Abyss:5)
  38 elephants
  11 sirens
  3 torpor snails
  2 naga magi
  An ice statue (IceCv)
  5 smoke demons
  13 black mambas
  An eye of devastation (Abyss:3)
  Psyche (D:12)
  20 spiny frogs
  2 vault sentinels (Vaults:1)
  2 gargoyles
  2 yaktaurs (D:14)
  A redback zombie (D:15)
  3 centaur skeletons (D:15)
  2 freezing wraiths
  16 komodo dragons
  An efreet (D:14)
  2 ancient zymes
  A queen bee (D:8)
  2 spriggan druids (Lair:8)
  A tengu conjurer (D:14)
  44 merfolk
  22 polar bears
  5 trolls
  21 raiju
  9 large abominations
  4 wind drakes (Shoals:4)
  5 two-headed ogres
  18 slime creatures
  22 blink frogs
  15 snapping turtles
  A fire dragon zombie (Abyss:4)
  2 flying skulls (Abyss:5)
  Sigmund (D:3)
  5 vampires
  An ettin skeleton (Abyss:3)
  2 air elementals (Elf:1)
  7 redbacks
  13 spriggans
  5 fire elementals
  16 water elementals
  3 ynoxinuls (Abyss:3)
  62 yaks
  2 wyverns (Elf:1)
  2 basilisks (Elf:1)
  4 hungry ghosts
  9 hippogriffs
  2 steam dragons
  6 vampire mosquitoes
  2 mottled dragons
  5 wargs
  42 wolves
  5 small abominations
  2 nagas (Abyss:5)
  A soldier ant (D:15)
  28 water moccasins
  10 hell hounds
  10 ice beasts
  9 porcupines
  53 orc warriors
  5 black bears
  4 phantoms
  3 wasps
  2 eyes of draining
  2 sky beasts
  25 centaurs
  14 ogres
  15 crocodiles
  16 giant frogs
  4 big kobolds
  A gnoll sergeant (D:12)
  3 wyvern zombies
  A water moccasin zombie (D:12)
  3 wyvern skeletons
  3 scorpions
  25 killer bees
  3 howler monkeys
  5 electric eels
  A giant frog zombie (D:5)
  6 jellies
  8 crimson imps
  A lava snake (D:12)
  8 centaur zombies
  8 hounds
  3 quasits
  24 orc priests
  A gnoll shaman (D:7)
  3 giant frog skeletons
  10 iguanas
  35 orc wizards
  12 worker ants
  19 sheep
  2 hound skeletons
  9 mummies
  2 worker ant zombies
  15 gnolls
  2 howler monkey skeletons
  13 adders
  60 river rats
  6 shadow imps
  12 white imps (Orc:1)
  An ooze (D:3)
  2 adder skeletons (D:8)
  An adder zombie (D:9)
  2 worms
  3 dart slugs
  6 giant geckos
  141 orcs
  4 ball pythons
  7 bats
  4 giant cockroaches
  2 gnoll zombies (Ossuary)
  7 goblins
  11 hobgoblins
  6 jackals
  19 kobolds
  2 quokkas
  A giant gecko skeleton (D:4)
  9 giant newts
  3 kobold zombies (Ossuary)
  3 orc zombies (Ossuary)
  A quokka skeleton (D:6)
  9 rats
  A butterfly (Lair:7)
  4 fire vortices
  52 plants
  A starspawn tentacle (Abyss:5)
  4 tentacles (Shoals:4)
1641 creatures vanquished.

Vanquished Creatures (collateral kills)
  A merfolk aquamancer (Shoals:3)
  2 death yaks (Lair:7)
  A thrashing horror (Abyss:5)
  A deep elf mage (Elf:1)
  2 ugly things (D:15)
  A merfolk (Shoals:1)
  A polar bear (IceCv)
  An iguana (D:12)
  2 orcs
12 creatures vanquished.

Vanquished Creatures (others)
  A harpy (Shoals:2)
  A yak (IceCv)
  A golden eye (Abyss:4)
  2 orcs
  2 fire vortices (Volcano)
  86 fungi
  A lurking horror (Abyss:3)
  92 plants
  10 starspawn tentacles
  147 starspawn tentacle segments (Abyss:5)
  20 tentacle segments (Shoals:4)
363 creatures vanquished.

Grand Total: 2016 creatures vanquished

Notes
Turn   | Place    | Note
--------------------------------------------------------------
     0 | D:1      | namelastname112 the Draconian Conjurer began the quest for the Orb.
     0 | D:1      | Reached XP level 1. HP: 14/14 MP: 3/3
    45 | D:1      | xeno23: вот странно
   105 | D:1      | xeno23: почему визагда таким сделали
   154 | D:1      | xeno23: все спеллы саппортные
   156 | D:1      | namelastname112: чтобы он говном был
   420 | D:1      | Reached XP level 2. HP: 20/20 MP: 3/5
   449 | D:1      | xeno23: во идее он должен быть хрупким но ебашущим
   452 | D:1      | Learned a level 2 spell: Searing Ray
   489 | D:1      | xeno23: а тут визарда наоборот брать норм разве что ограм
   489 | D:1      | namelastname112: пидарас
   489 | D:1      | namelastname112: в броню оделся
   489 | D:1      | xeno23: чейн мейл
  1446 | D:2      | Reached XP level 3. HP: 26/26 MP: 5/7
  2289 | D:2      | xeno23: мм ну все таки дарт годнота в начале
  2289 | D:2      | Reached XP level 4. HP: 33/33 MP: 6/8
  2310 | D:3      | namelastname112: потому что не мажет
  2354 | D:3      | xeno23: всю эту гадость типа гадюк вырезать
  2379 | D:3      | xeno23: ну да
  2389 | D:3      | Noticed Sigmund
  2436 | D:3      | namelastname112: ну хули
  2436 | D:3      | namelastname112: йоло
  2436 | D:3      | namelastname112: епте
  2438 | D:3      | xeno23: ты не шути с зигмундом
  2438 | D:3      | xeno23: пизды даст
  2447 | D:3      | namelastname112: да и похуй
  2452 | D:3      | Killed Sigmund
  2452 | D:3      | Reached skill level 5 in Conjurations
  2452 | D:3      | Reached XP level 5. HP: 8/38 MP: 4/11
  2460 | D:3      | xeno23: ну норм
  2792 | D:3      | xeno23: вот ты охуел
  2799 | D:3      | xeno23: опять реген
  2838 | D:3      | namelastname112: лучше бы мана реген был
  2953 | D:3      | Learned a level 5 spell: Iskenderun's Battlesphere
  3009 | D:3      | Reached XP level 6. HP: 45/45 MP: 8/12
  3207 | D:3      | Reached skill level 6 in Conjurations
  3207 | D:3      | Reached skill level 1 in Charms
  3373 | D:3      | xeno23: когда они уже тайлу шляпу дорисуют
  3389 | D:3      | xeno23: лентяи
  3632 | D:3      | namelastname112: они наверное не знают
  3632 | D:3      | namelastname112: как её на драконе рисовать
  3632 | D:3      | namelastname112: надо будет самому заняться
  3632 | D:3      | namelastname112: и в мантис закинуть
  3632 | D:3      | namelastname112: наверняка запилят
  3714 | D:3      | xeno23: заодно коту нарусуй
  3839 | D:4      | namelastname112: коты ж не могут в шляпы
  3863 | D:4      | Noticed an ice beast
  3865 | D:4      | xeno23: ну это пока
  3884 | D:4      | Killed an ice beast
  3884 | D:4      | Reached skill level 5 in Spellcasting
  3884 | D:4      | Your scales start taking on an icy white colour.
  3884 | D:4      | Reached XP level 7. HP: 50/50 MP: 6/14
  3884 | D:4      | Gained mutation: Your flesh is cold resistant. [White Draconian growth]
  4026 | D:4      | xeno23: вообще должны бы
  4087 | D:4      | xeno23: было бы няшно
  4091 | D:4      | xeno23: кстати
  4169 | D:4      | xeno23: я посмотрел морг где у антея соснул
  4287 | D:4      | xeno23: у тебя же там рц++ был всего
  4351 | D:4      | namelastname112: всего
  4351 | D:4      | namelastname112: лул
  4351 | D:4      | xeno23: надо было резист жрать
  4362 | D:4      | xeno23: ну это антей
  5045 | D:5      | Entered Level 5 of the Dungeon
  5306 | D:5      | Reached skill level 7 in Conjurations
  5497 | D:5      | Reached XP level 8. HP: 57/57 MP: 3/16
  5627 | D:5      | Found a sacrificial altar of Ru.
  6184 | D:5      | Reached skill level 8 in Conjurations
  6310 | D:6      | Found a sparkling altar of Nemelex Xobeh.
  6312 | D:6      | Found Tirphes's Jewellery Emporium.
  6322 | D:6      | Found Zyema's Weapon Boutique.
  6335 | D:6      | namelastname112: бля
  6335 | D:6      | namelastname112: это намек чели
  6335 | D:6      | namelastname112: сука
  6335 | D:6      | namelastname112: робастнесс и эос
  6405 | D:6      | Found Zoegriaq's Antique Armour Shoppe.
  6409 | D:6      | Bought a pair of glowing gloves for 130 gold pieces
  6489 | D:6      | Found a radiant altar of Vehumet.
  6882 | D:6      | Reached skill level 5 in Charms
  7335 | D:7      | Found a sand-covered staircase.
  7338 | D:7      | Reached XP level 9. HP: 62/62 MP: 16/19
  7343 | Ossuary  | Entered an ossuary
  8220 | D:7      | Found a staircase to the Ecumenical Temple.
  8236 | Temple   | Entered the Ecumenical Temple
  8244 | Temple   | Became a worshipper of Dithmenos the Shadowed
  9106 | D:7      | Reached skill level 9 in Conjurations
  9270 | D:8      | Found a stormy altar of Qazlal.
  9306 | D:8      | Reached * piety under Dithmenos
  9430 | D:8      | Found a white marble altar of Elyvilon.
  9441 | D:8      | Found an opulent altar of Gozag.
  9443 | D:8      | Found a bloodstained altar of Trog.
  9445 | D:8      | Found a burning altar of Makhleb.
  9446 | D:8      | Found a shimmering altar of Xom.
 10033 | D:8      | Noticed a queen bee
 10042 | D:8      | Killed a queen bee
 10042 | D:8      | Reached XP level 10. HP: 69/69 MP: 0/22
 10307 | D:8      | Reached ** piety under Dithmenos
 10705 | D:9      | Reached skill level 10 in Conjurations
 10987 | D:9      | Found Qizumiu's Armour Emporium.
 10987 | D:9      | Found a staircase to the Orcish Mines.
 10999 | D:9      | Bought a +0 hat of intelligence for 154 gold pieces
 11833 | D:9      | xeno23: хм
 11890 | D:9      | xeno23: я тоже диса взял
 11963 | D:10     | Entered Level 10 of the Dungeon
 12017 | D:10     | Noticed a hill giant
 12023 | D:10     | Killed a hill giant
 12039 | D:10     | namelastname112: ну
 12039 | D:10     | namelastname112: вех все равно лучше
 12133 | D:10     | Reached skill level 11 in Conjurations
 12334 | D:10     | Noticed Sonja
 12339 | D:10     | Killed Sonja
 12449 | D:10     | Found a staircase to the Lair.
 12529 | D:10     | Noticed a hill giant
 12531 | D:10     | Noticed Erolcha
 12532 | D:10     | Reached XP level 11. HP: 74/74 MP: 16/24
 12537 | D:10     | Killed a hill giant
 12537 | D:10     | Reached skill level 10 in Spellcasting
 12545 | D:10     | Killed Erolcha
 12567 | D:10     | Reached *** piety under Dithmenos
 13082 | D:11     | Noticed Nergalle
 13091 | D:11     | Killed Nergalle
 13197 | D:11     | Noticed a red ugly thing
 13204 | D:11     | Noticed a hill giant
 13218 | D:11     | Killed a red ugly thing
 13234 | D:11     | Killed a hill giant
 13234 | D:11     | Reached skill level 12 in Conjurations
 13241 | D:11     | Gained mutation: You are clumsy. (Dex -2) [mutagenic meat]
 13242 | D:11     | Gained mutation: Your tail ends in a poisonous barb. [mutagenic meat]
 13702 | D:11     | Noticed Gastronok
 13729 | D:11     | Killed Gastronok
 13964 | D:11     | Noticed Maud
 13982 | D:11     | Killed Maud
 13996 | D:11     | Noticed a hill giant
 14008 | D:11     | Killed a hill giant
 14008 | D:11     | Reached XP level 12. HP: 40/89 MP: 1/27
 14296 | D:12     | Found a glowing silver altar of Zin.
 14329 | D:12     | Noticed Fannar
 14356 | D:12     | Killed Fannar
 14556 | D:12     | Noticed Psyche
 14563 | D:12     | Killed Psyche
 14683 | D:12     | Noticed a centaur warrior
 14998 | D:12     | Killed a centaur warrior
 15140 | D:12     | Reached **** piety under Dithmenos
 15185 | D:12     | Noticed a four-headed hydra
 15199 | D:11     | Reached skill level 13 in Conjurations
 15326 | D:12     | Noticed a four-headed hydra
 15427 | D:11     | Killed a four-headed hydra
 15427 | D:11     | Reached skill level 5 in Fighting
 15995 | D:12     | Reached skill level 5 in Dodging
 16758 | D:12     | Noticed a tengu reaver
 16764 | D:12     | xeno23: такс
 16793 | D:12     | xeno23: со скольки там пипок можно лрд стены крошить?
 16794 | D:12     | namelastname112: а хуй знает
 16794 | D:12     | namelastname112: никогда не юзал особо
 16794 | D:12     | namelastname112: бля
 16794 | D:12     | namelastname112: как думаешь
 16794 | D:12     | namelastname112: ривера уебу?
 16801 | D:12     | xeno23: ну
 16810 | D:12     | xeno23: они жесткие
 16811 | D:12     | xeno23: с батлсферой может быть
 16815 | D:12     | xeno23: имб?
 16815 | D:12     | namelastname112: не уебу походу
 16815 | D:12     | namelastname112: не учил имб
 16996 | D:11     | xeno23: ouch
 17001 | D:11     | Learned a level 4 spell: Iskenderun's Mystic Blast
 17001 | D:11     | xeno23: that really hurt
 17114 | D:12     | xeno23: чисти иди лейр
 17121 | D:12     | Killed a four-headed hydra
 17283 | D:11     | namelastname112: не
 17283 | D:11     | namelastname112: так неинтересно
 17310 | D:12     | Killed a tengu reaver
 17345 | D:12     | Reached XP level 13. HP: 77/104 MP: 7/29
 18104 | D:12     | Lost mutation: You are clumsy. (Dex -2) [potion of cure mutation]
 18104 | D:12     | Lost mutation: Your tail ends in a poisonous barb. [potion of cure mutation]
 18109 | D:12     | Gained mutation: You possess an exceptional clarity of mind. [potion of mutation]
 18109 | D:12     | Gained mutation: You are agile. (Dex +2) [potion of mutation]
 18976 | D:13     | Found Wyn Wodwis's Antique Armour Boutique.
 18990 | D:13     | Bought a cloak for 85 gold pieces
 19598 | D:13     | Reached ***** piety under Dithmenos
 19827 | D:13     | Reached skill level 14 in Conjurations
 21244 | D:14     | Noticed Frances
 21447 | Lair:1   | Entered Level 1 of the Lair of Beasts
 22496 | Lair:1   | xeno23: блджад одной пипки не хватает чтоб стену каменную сломать
 22503 | Lair:1   | namelastname112: лел
 22503 | Lair:1   | namelastname112: а че за ней?
 22503 | Lair:1   | xeno23: ща брил выпью
 22575 | Lair:2   | xeno23: ну я в лабиринте
 22645 | Lair:2   | xeno23: заебался бегать
 22950 | Lair:2   | Drew Focus: Int increased to 21, Str decreased to 10
 22952 | Lair:2   | Gained mutation: Your system is resistant to poisons. [helix card]
 23327 | Lair:3   | Got a shimmering dire flail
 23328 | Lair:3   | Identified the +5 dire flail of Objectivity {crush, rPois rC- Int+5 Dex+4} (You found it on level 3 of the Lair of Beasts)
 23370 | Lair:3   | Reached XP level 14. HP: 110/118 MP: 15/31
 23469 | Lair:3   | xeno23: пиздец
 23648 | Lair:3   | Found a snail-covered altar of Cheibriados.
 23656 | Lair:3   | xeno23: проебал брил и так и не сломал
 23656 | Lair:3   | namelastname112: лол блять
 23656 | Lair:3   | namelastname112: бегай дальше
 23743 | Lair:3   | Found a staircase to the Shoals.
 23993 | Lair:3   | Noticed Kidiri's ghost (journeyman DEFE)
 24002 | Lair:3   | Killed Kidiri's ghost
 25110 | Lair:4   | Found a dark tunnel.
 25118 | Volcano  | Entered a volcano
 26320 | Lair:5   | Reached skill level 10 in Fighting
 26715 | Lair:5   | Found a staircase to the Snake Pit.
 27091 | Lair:5   | Reached ****** piety under Dithmenos
 27237 | Lair:6   | Noticed namelastname112's ghost (journeyman DrAs)
 27254 | Lair:6   | Killed namelastname112's ghost
 27468 | Lair:6   | Reached skill level 15 in Conjurations
 27799 | Lair:6   | Found a staircase to the Slime Pits.
 28710 | Lair:6   | Reached XP level 15. HP: 129/129 MP: 22/32
 28713 | Lair:6   | Found a bloodstained altar of Trog.
 29444 | Lair:8   | Entered Level 8 of the Lair of Beasts
 29830 | Lair:8   | Reached skill level 10 in Dodging
 30293 | Lair:8   | Noticed confidenceinterval's ghost (journeyman DsGl)
 30305 | Lair:8   | Killed confidenceinterval's ghost
 30792 | Lair:7   | Reached skill level 1 in Shields
 31551 | Lair:8   | Noticed Tomstefer's ghost (journeyman MiBe)
 33386 | Lair:8   | Gained mutation: You expend magic power (3 MP) to strengthen your wands. [potion of mutation]
 33386 | Lair:8   | Gained mutation: Your flesh is very cold resistant. [potion of mutation]
 33394 | Lair:8   | Learned a level 4 spell: Throw Icicle
 33851 | Lair:7   | Reached skill level 1 in Ice Magic
 34424 | Lair:8   | Reached XP level 16. HP: 141/141 MP: 26/34
 34530 | Lair:8   | xeno23: мда
 34552 | Lair:8   | xeno23: сраный гост
 34641 | Lair:8   | Killed Tomstefer's ghost
 34735 | Lair:8   | xeno23: эм
 34756 | Lair:8   | xeno23: ты что то сраное копье выучил?
 34756 | Lair:8   | xeno23: форс лэнс
 34756 | Lair:8   | namelastname112: не
 34756 | Lair:8   | namelastname112: лол
 34756 | Lair:8   | namelastname112: у белых драков приколюха
 34756 | Lair:8   | namelastname112: дыхание может летающих оттолкнуть
 34756 | Lair:8   | namelastname112: а еще оно ас игнорит
 34999 | Lair:8   | xeno23: не знал даж
 35513 | Orc:1    | Entered Level 1 of the Orcish Mines
 35537 | Orc:1    | Found a frozen archway.
 35553 | IceCv    | Entered an ice cave
 36265 | IceCv    | Reached skill level 16 in Conjurations
 36626 | IceCv    | namelastname112: вы бля че
 36626 | IceCv    | namelastname112: серьезно чтоль
 37080 | Orc:2    | Entered Level 2 of the Orcish Mines
 37080 | Orc:2    | Noticed Donald
 37084 | Orc:2    | Killed Donald
 37084 | Orc:2    | Reached skill level 5 in Ice Magic
 38135 | Orc:2    | Found Qeotecofu's Food Shoppe.
 38135 | Orc:2    | Found Tebb's Food Shop.
 38875 | Orc:2    | Found a roughly hewn altar of Beogh.
 38891 | Orc:2    | Found Voxary's Book Shop.
 38891 | Orc:2    | Found Doklix's General Store.
 38901 | Orc:2    | Bought a book of Ice for 1105 gold pieces
 39006 | Orc:2    | Found a staircase to the Elven Halls.
 39014 | Orc:2    | Learned a level 6 spell: Freezing Cloud
 39021 | Orc:2    | Learned a level 6 spell: Ozocubu's Refrigeration
 39028 | Orc:2    | Learned a level 6 spell: Bolt of Cold
 39686 | Orc:1    | Found a roughly hewn altar of Beogh.
 40157 | D:14     | xeno23: опять арга
 40158 | D:14     | xeno23: лел
 41755 | D:14     | Found a gate to the Vaults.
 41842 | D:15     | Entered Level 15 of the Dungeon
 41979 | D:14     | Killed Frances
 42466 | D:15     | Reached skill level 15 in Spellcasting
 42486 | D:15     | Reached XP level 17. HP: 150/150 MP: 6/36
 42852 | D:15     | Found a staircase to the Depths.
 42855 | D:15     | Lost mutation: You possess an exceptional clarity of mind. [mutagenic meat]
 42856 | D:15     | Gained mutation: You have sharp toenails. [mutagenic meat]
 42857 | D:15     | Gained mutation: Scrolls take you a little longer to read. [mutagenic meat]
 42858 | D:15     | Lost mutation: You are agile. (Dex +2) [mutagenic meat]
 43530 | Lair:1   | Lost mutation: You expend magic power (3 MP) to strengthen your wands. [potion of cure mutation]
 43530 | Lair:1   | Lost mutation: You have sharp toenails. [potion of cure mutation]
 43530 | Lair:1   | Lost mutation: Scrolls take you a little longer to read. [potion of cure mutation]
 43530 | Lair:1   | Lost mutation: Your flesh is very cold resistant. [potion of cure mutation]
 43530 | Lair:1   | Lost mutation: Your system is resistant to poisons. [potion of cure mutation]
 43541 | Lair:1   | Learned a level 3 spell: Ozocubu's Armour
 44103 | Elf:1    | Entered Level 1 of the Elven Halls
 44108 | Elf:1    | Reached skill level 1 in Evocations
 44332 | Elf:1    | Identified the Grimoire of Venomous Attacks
 44454 | Elf:1    | Reached skill level 10 in Ice Magic
 45050 | Elf:1    | Found Jairaroo's Gadget Shoppe.
 45867 | Elf:1    | xeno23: ого
 45874 | Elf:1    | xeno23: не видел раньше тут такого зоопарка
 45882 | Elf:1    | namelastname112: тут бывает иногда такое
 45882 | Elf:1    | namelastname112: там скорее всего бокс оф бистс лежит
 46178 | Elf:1    | namelastname112: не
 46178 | Elf:1    | namelastname112: просто голда
 46297 | Elf:1    | Reached skill level 17 in Conjurations
 46323 | Elf:1    | namelastname112: ну все
 46323 | Elf:1    | namelastname112: приехали
 47095 | Elf:2    | Found a runed gate.
 47095 | Elf:2    | Found a runed gate.
 47095 | Elf:2    | Found a runed gate.
 47127 | Elf:3    | Entered Level 3 of the Elven Halls
 47376 | Shoals:1 | Entered Level 1 of the Shoals
 48437 | Shoals:1 | Reached XP level 18. HP: 128/157 MP: 18/37
 49579 | Shoals:2 | Reached skill level 5 in Evocations
 50788 | Shoals:3 | Reached XP level 19. HP: 163/163 MP: 38/38
 50983 | Shoals:3 | Got a pair of twisted boots
 50987 | Shoals:3 | Identified the +2 pair of boots of Salvation {Dex+5} (You found it on level 3 of the Shoals)
 51338 | Shoals:4 | Entered Level 4 of the Shoals
 52218 | Shoals:4 | Got a barnacled rune of Zot
 52863 | Shoals:4 | Got a shimmering flail
 52864 | Shoals:4 | Identified the +8 flail of Massacring {crush, rElec rF- Str+4 Int+6} (You found it on level 4 of the Shoals)
 53054 | Shoals:4 | Noticed Roxanne
 53296 | Shoals:4 | Reached skill level 15 in Ice Magic
 53614 | Shoals:4 | Killed Roxanne
 53972 | Shoals:4 | Noticed Ilsuiw
 54895 | Shoals:4 | Killed Ilsuiw
 54934 | Shoals:4 | Reached XP level 20. HP: 171/171 MP: 18/40
 55157 | Shoals:4 | Reached skill level 18 in Conjurations
 55854 | Shoals:4 | Got a steaming trident
 55855 | Shoals:4 | Identified the +9 trident of the Known World {pierce, rF+ rN+} (You found it on level 4 of the Shoals)
 56603 | Vaults:1 | Entered Level 1 of the Vaults
 57035 | Vaults:1 | Cast into level 3 of the Abyss (a deep elf sorcerer)
 57650 | Abyss:3  | Paralysed by a great orb of eyes for 4 turns
 58776 | Abyss:5  | Entered Level 5 of the Abyss
 59417 | Abyss:5  | Killed from afar by a lich

Vault maps used:
D:1:      mushboom_english_gardens, minmay_misc_feat_roman
D:3:      first_bread, uniq_sigmund
D:5:      nicolae_ru_awakened_eye
D:6:      fiery_altar_vehumet, nemelex_deck, serial_shops, shop_fountains,
          nicolae_shop_stone, shop_fountains
D:7:      minmay_temple_entry_hall, gup_ossuary_entry_pyramid
D:8:      kennysheep_steamy, grunt_temple_overflow_open, david_nohive_1,
          grunt_qazlal_sundering
D:9:      orc_david_3, nicolae_lava_and_water
D:10:     lair_0_dummy, uniq_erolcha, uniq_sonja
D:11:     uniq_nergalle, uniq_maud, uniq_gastronok
D:12:     kennysheep_small_spiral, kennysheep_flooded_box, evilmike_minifort,
          uniq_fannar, uniq_psyche
D:13:     serial_shops, shop, minmay_rotating_lava
D:14:     david_vaults_2, minmay_misc_feat_tiny, kennysheep_generic_room_7,
          uniq_frances
D:15:     hangedman_depths_entry_try_elsewhere_first, nicolae_twisting_strands
Temple:   circular_temple_12
Lair:1:   st_stairs_11, grunt_megastairs_2, infiniplex_staircase_pool
Lair:2:   infiniplex_staircase_pool_2, grunt_megastairs_5
Lair:3:   dragon1_lemuel, minmay_shoals_entry_centaurs, kennysheep_snail_temple
Lair:4:   enter_volcano_1
Lair:5:   minmay_snake_entry_six_corridors, disabler_island
Lair:6:   minmay_slime_entry_oklob_enclosed, basic_altar, lemuel_fruit_fields
Lair:7:   dpeg_oklob_1, lemuel_fruit_fields
Lair:8:   minmay_lair_end_enchanted_forest, st_stairs_11, grunt_megastairs_3,
          serial_bayou_shore_a
Shoals:3: nicolae_shoals_dead_sea_scrolls
Shoals:4: shoals_end_grunt_ice, shoals_ilsuiw_alternative, uniq_roxanne
Orc:1:    portal_ice_cave_entry_imps, minmay_orc_temple_a
Orc:2:    st_orc_town, uniq_donald
Elf:1:    eino_elf_arrival_sip, special_room, serial_shops,
          nicolae_shop_behind_doors, minmay_elf_annihilation
Elf:2:    nicolae_elf_big_sculpture_1, uniq_louise
Elf:3:    minmay_elf_hall_dome, minmay_misc_feat_pillars
Vaults:1: vaults_mumra_minichess, v_misc_14, nicolae_vaults_little_ls,
          vaults_dpeg_ring, vaults_room_door_hall, ontoclasm_vaults_eye,
          vaults_room_fancy_cross, vaults_room_grunt_arrival_ludios,
          nicolae_vaults_border_crossing, v_misc_32, vaults_dpeg_spiral,
          grunt_vaults_focal
Abyss:3:  bh_abyss_exit_choice, evilmike_abyss_rune_tso_outpost
Abyss:4:  abyss_exit_lava, evilmike_abyss_exit_12,
          evilmike_abyss_rune_tso_outpost, abyss_exit_lava
Abyss:5:  bh_abyss_negative, grunt_abyss_rune_sword_and_sorcery
Ossuary:  ossuary_tomb_3
IceCv:    ice_cave_caverns_02
Volcano:  volcano_aerie

Skill      XL: |  1  2  3  4  5  6  7  8  9 10 11 12 13 14 15 16 17 18 19 20 |
---------------+-------------------------------------------------------------+-----
Spellcasting   | 3 4 5 6 8 9 11 12 13 14 15 16 | 16.6
Conjurations   | 5 6 7 8 9 11 12 13 14 15 16 17 18 | 18.3
Charms         | 2 3 5 6 7 8 |  8.5
Fighting       | 3 6 9 11 12 13 | 13.3
Dodging        | 3 6 8 9 10 11 | 11.6
Shields        | 3 4 |  4.4
Ice Magic      | 2 8 12 14 15 16 | 16.9
Evocations     | 4 5 7 8 |  8.8
Axes           | |  0.8
Stealth        | |  1.7

Action                   |  1- 3 |  4- 6 |  7- 9 | 10-12 | 13-15 | 16-18 | 19-21 || total
-------------------------+-------+-------+-------+-------+-------+-------+-------++-------
Melee: Unarmed           |    23 |       |       |       |       |       |       ||    23
       Short sword       |     8 |       |       |       |       |       |       ||     8
       Spear             |    26 |    20 |     8 |       |       |       |       ||    54
       Dagger            |       |       |   136 |    62 |    38 |       |       ||   236
       Dire flail        |       |       |       |       |   100 |     5 |       ||   105
       Broad axe         |       |       |       |       |       |   117 |     9 ||   126
       Staff             |       |       |       |       |       |    11 |    24 ||    35
 Cast: Magic Dart        |    87 |   109 |   391 |   505 |  1240 |   418 |       ||  2750
       Searing Ray       |       |     4 |    16 |     9 |    13 |     1 |       ||    43
       Iskenderun's Batt |       |       |    21 |    81 |   155 |    44 |       ||   301
       Iskenderun's Myst |       |       |       |     9 |   130 |       |       ||   139
       Throw Icicle      |       |       |       |       |    20 |   340 |   322 ||   682
       Ozocubu's Refrige |       |       |       |       |       |    89 |    75 ||   164
       Bolt of Cold      |       |       |       |       |       |    17 |     4 ||    21
       Freezing Cloud    |       |       |       |       |       |    15 |     7 ||    22
       Ozocubu's Armour  |       |       |       |       |       |     1 |     2 ||     3
 Abil: Breathe Frost     |       |       |    12 |    11 |    16 |    24 |     9 ||    72
Evoke: Deck              |       |       |     2 |     8 |    17 |     3 |       ||    30
       Phial of floods   |       |       |       |       |       |     5 |     4 ||     9
       Wand              |       |       |       |       |       |       |     8 ||     8
  Use: Potion            |       |     4 |     2 |     4 |    11 |     4 |     3 ||    28
       Scroll            |       |       |    15 |     7 |    11 |     5 |     7 ||    45
 Stab: Sleeping          |     1 |       |       |       |     2 |       |       ||     3
       Distracted        |       |       |       |       |     1 |       |     1 ||     2
  Eat: Chunk             |     4 |     5 |    14 |    31 |    32 |    55 |    27 ||   168
       Pizza             |       |       |     1 |     1 |     1 |       |       ||     3
       Beef jerky        |       |       |     1 |     1 |     4 |     3 |       ||     9
       Fruit             |       |       |     5 |       |       |     2 |     3 ||    10
       Meat ration       |       |       |     2 |       |     2 |     4 |     2 ||    10
       Royal jelly       |       |       |       |     3 |     5 |       |       ||     8
